 Dungeon Crawl Stone Soup version 0.27-a0-1220-g54dba09ff7 (webtiles) character file.

Game seed: 12937347060368285957

3962 Delamore the Spear-Bearer (level 10, -3/74 HPs)
             Began as a Formicid Fighter on June 7, 2021.
             Was an Elder of Makhleb.
             Slain by a killer bee (7 damage)
             ... on level 7 of the Dungeon.
             The game lasted 00:08:08 (5092 turns).

Delamore the Spear-Bearer (Formicid Fighter)        Turns: 5092, Time: 00:08:08

Health: -3/74      AC:  8    Str: 25    XL:     10   Next: 45%
Magic:  10/10      EV:  9    Int:  7    God:    Makhleb [****..]
Gold:   558        SH: 12    Dex: 16    Spells: 9/9 levels left

rFire    + . .     SeeInvis +   a - +1 trident
rCold    . . .     Faith    .   c - +1 kite shield
rNeg     + . .     Spirit   .   b - +0 scale mail
rPois    .         Reflect  .   (helmet unavailable)
rElec    .         Harm     .   q - +0 cloak
rCorr    .         Rampage  .   (no gloves)
Will     +....                  (no boots)
Stlth    ..........             e - amulet of regeneration
HPRegen  1.22/turn              y - ring "Osivit" {rF+ Dex+6}
MPRegen  0.12/turn              d - ring of positive energy

@: lethally poisoned (-3 -> -6)
A: permanent stasis, dig shafts and tunnels, antennae 3, four strong arms
a: Dig, Shaft Self, Renounce Religion, Minor Destruction, Lesser Servant of
Makhleb, Major Destruction


You were on level 7 of the Dungeon.
You worshipped Makhleb.
Makhleb was greatly pleased with you.
You visited 1 branch of the dungeon, and saw 8 of its levels.
You also visited: Ossuary.

You collected 558 gold pieces.

Inventory:

Hand Weapons
 a - a +1 trident (weapon)
Missiles
 j - 4 silver boomerangs (quivered)
 n - a throwing net
Armour
 b - a +0 scale mail (worn)
 c - a +1 kite shield (worn)
 q - a +0 cloak (worn)
Jewellery
 d - a ring of positive energy (right hand)
 e - an amulet of regeneration (around neck)
 u - the ring "Vaovvore" {Fire Drain Dex+2 SInv}
   (You found it on level 6 of the Dungeon)

   [ring of fire]

   It enhances your fire magic.
   It affects your dexterity (+2).
   It protects you from fire.
   It makes you vulnerable to cold.
   It lets you see invisible.
   It drains your maximum health when unequipped.
 x - an amulet of the acrobat
 y - the ring "Osivit" (left hand) {rF+ Dex+6}
   (You found it on level 5 of the Dungeon)

   [ring of dexterity]

   It affects your dexterity (+6).
   It protects you from fire.
Wands
 B - a wand of flame (13)
Scrolls
 s - a scroll of enchant armour
 z - a scroll of fear
 D - a scroll of enchant weapon
Potions
 f - a potion of might
 g - 5 potions of mutation
 h - 4 potions of curing
 i - a potion of degeneration
 k - a potion of invisibility
 l - 4 potions of heal wounds
 m - 4 potions of flight
 o - 2 potions of magic
 p - 2 potions of haste
 r - a potion of brilliance
 t - 2 potions of lignification
 v - 2 potions of attraction
 w - a potion of resistance {unknown}
 A - a potion of berserk rage {unknown}
 C - a potion of cancellation {unknown}


   Skills:
 - Level 5.0 Fighting
 * Level 12.9 Polearms
 - Level 3.2 Armour
 - Level 7.0 Shields


You had 9 spell levels left.
You didn't know any spells.
Your spell library contained the following spells:

 Spells                   Type           Power      Damage    Failure   Level
 Poisonous Vapours        Pois/Air       0%         N/A       94%         2
 Conjure Flame            Conj/Fire      0%         6-21      99%         3
 Mephitic Cloud           Conj/Pois/Air  0%         N/A       99%         3
 Freezing Cloud           Conj/Ice/Air   0%         6-21      100%        6


Dungeon Overview and Level Annotations

Branches:
Dungeon (8/15)             Temple (0/1) D:4         Ossuary (visited)
   Lair: D:8-11

Altars:
Ashenzari
Cheibriados
Elyvilon
Makhleb
Okawaru
The Shining One


Innate Abilities, Weirdness & Mutations

You cannot be hasted, slowed, berserked, paralysed or teleported.
You can dig through walls and to a lower floor.
You have a pair of large antennae on your head. (SInv)
Your four strong arms can wield two-handed weapons with a shield.


Message History

You feel sick. You block the killer bee's attack.
You miss the killer bee.
The killer bee is severely wounded.
You feel sick. The killer bee stings you.
You are more poisoned.
The killer bee poisons you! The killer bee stings you.
You hit the killer bee.
The killer bee is almost dead.
You feel sick. The killer bee stings you.
* * * LOW HITPOINT WARNING * * *
You barely miss the killer bee.
The killer bee is almost dead.
You feel sick. You block the killer bee's attack. The killer bee misses you.
You barely miss the killer bee.
The killer bee is almost dead.
You feel sick.
The killer bee stings you but does no damage.
You puncture the killer bee!
You kill the killer bee!
Makhleb accepts your kill.
You feel better.
You feel sick.
The killer bee stings you but does no damage.
You miss the killer bee.
You feel sick. The killer bee stings you.
* * * LOW HITPOINT WARNING * * *
You are more poisoned.
The killer bee poisons you!
You hit the killer bee.
The killer bee is moderately wounded.
You feel sick. You block the killer bee's attack.
The killer bee barely misses you.
You miss the killer bee.
The killer bee is moderately wounded.
You feel very sick. The killer bee stings you!
* * * LOW HITPOINT WARNING * * *
You miss the killer bee.
The killer bee is moderately wounded.
* * * LOW HITPOINT WARNING * * *
You feel sick. You block the killer bee's attack. The killer bee stings you!
You die...

#.)...#..####.[รท###.......#
#####(.###.#(.)[..#.......#
####..........#........###
#.....>>..##..)##........#
#........####(...#######..
#........{..........<.....
#..(.....####.##.#########
#......yy## #.##..# #
#########@# #.###.#### # ###
#.# #....# ## #.# ####.####.
#.# #...... #.# ##....# #.#
#.##.# #.# #.##.# #.# #.##..
#.# #.###.


You could see 2 killer bees.

Vanquished Creatures
  Pikel (D:7)
  A komodo dragon (D:6)
  Maggie (D:7)
  Sigmund (D:2)
  Menkaure (D:7)
  A water moccasin (D:8)
  An orc warrior (D:6)
  2 ice beasts
  A sky beast (D:6)
  5 ogres
  2 lemures (D:6)
  2 centaurs
  4 necrophages
  5 bullfrogs
  4 killer bees (D:7)
  A wight (D:7)
  A centaur zombie (D:7)
  3 jellies
  An orc priest (D:7)
  2 hounds
  2 centaur skeletons
  2 iguanas
  5 orc wizards
  A killer bee zombie (D:8)
  A hound skeleton (D:4)
  8 mummies (Ossuary)
  7 adders
  A howler monkey skeleton (D:6)
  A white imp (D:7)
  4 adder skeletons
  3 worms
  3 dart slugs
  22 orcs
  6 ball pythons
  4 bats
  2 endoplasms
  2 giant cockroaches
  3 goblins
  6 hobgoblins
  6 jackals
  3 quokkas
  3 frilled lizards
  A gnoll zombie (Ossuary)
  2 hobgoblin zombies (Ossuary)
  5 kobolds
  2 kobold zombies (Ossuary)
  3 orc zombies (Ossuary)
  3 rats
151 creatures vanquished.

Vanquished Creatures (others)
  A bush (D:6)
1 creature vanquished.

Grand Total: 152 creatures vanquished

Notes
Turn   | Place    | Note
-------+----------+-------------------------------------------
     0 | D:1      | Delamore the Formicid Fighter began the quest for the Orb.
     0 | D:1      | Reached XP level 1. HP: 18/18 MP: 1/1
   285 | D:1      | Reached XP level 2. HP: 24/24 MP: 2/2
   777 | D:2      | Reached XP level 3. HP: 30/30 MP: 3/3
   788 | D:2      | Reached skill level 3 in Polearms
   829 | D:2      | Noticed Sigmund
   869 | D:2      | Killed Sigmund
   870 | D:2      | Reached skill level 4 in Polearms
   870 | D:2      | Reached XP level 4. HP: 32/38 MP: 4/4
   870 | D:2      | Reached XP level 5. HP: 37/43 MP: 5/5
   870 | D:2      | Reached XP level 6. HP: 43/50 MP: 6/6
   993 | D:2      | Found a faded altar of an unknown god.
  1033 | D:2      | Reached skill level 5 in Polearms
  1069 | D:2      | Became a worshipper of Makhleb the Destroyer
  1069 | D:2      | Reached * piety under Makhleb
  1558 | D:3      | Reached skill level 5 in Fighting
  2108 | D:4      | Found a staircase to the Ecumenical Temple.
  2230 | D:4      | Noticed a necrophage
  2245 | D:4      | Killed a necrophage
  2246 | D:4      | Reached XP level 7. HP: 54/56 MP: 7/7
  2431 | D:4      | Reached ** piety under Makhleb
  2640 | D:5      | Entered Level 5 of the Dungeon
  2713 | D:5      | Reached skill level 6 in Polearms
  2789 | D:6      | Found a burning altar of Makhleb.
  2836 | D:6      | Found a sand-covered staircase.
  2839 | Ossuary  | Entered an ossuary
  2934 | Ossuary  | Reached skill level 5 in Shields
  3139 | D:5      | Reached skill level 7 in Polearms
  3139 | D:5      | Reached XP level 8. HP: 62/62 MP: 8/8
  3356 | D:5      | Identified the ring "Osivit" {rF+ Dex+6}
  3513 | D:6      | Found an iron altar of Okawaru.
  3553 | D:6      | Reached skill level 8 in Polearms
  3594 | D:6      | Identified the ring "Vaovvore" {Fire Drain Dex+2 SInv}
  3747 | D:6      | Found a glowing golden altar of the Shining One.
  3782 | D:6      | Reached *** piety under Makhleb
  3783 | D:6      | Reached XP level 9. HP: 68/68 MP: 9/9
  3843 | D:6      | Reached skill level 9 in Polearms
  3849 | D:6      | Found a white marble altar of Elyvilon.
  3926 | D:6      | Noticed a komodo dragon
  3945 | D:6      | Killed a komodo dragon
  3988 | D:5      | Reached skill level 10 in Polearms
  4032 | D:6      | Found a broken altar of Ashenzari.
  4255 | D:7      | Noticed Pikel
  4325 | D:7      | Killed Pikel
  4326 | D:7      | Reached skill level 11 in Polearms
  4401 | D:7      | Noticed Maggie
  4423 | D:7      | Killed Maggie
  4424 | D:7      | Reached XP level 10. HP: 61/74 MP: 10/10
  4537 | D:7      | Noticed Menkaure
  4546 | D:7      | Killed Menkaure
  4599 | D:7      | Reached skill level 12 in Polearms
  4812 | D:7      | Found a burning altar of Makhleb.
  4954 | D:8      | Found a snail-covered altar of Cheibriados.
  5073 | D:7      | Reached **** piety under Makhleb
  5092 | D:7      | Slain by a killer bee

Illustrated notes

Levels and vault maps discovered:
D:1:      beargit_arrival_diablo_church, layout_basic, chequers_avenue,
          minivault_26, hangedman_decor_diamond_cutter
D:2:      layout_rooms, hellmonk_ecumenical_altar_leap_of_faith, uniq_sigmund
D:3:      layout_rooms
D:4:      layout_loops_corners, minmay_temple_entry_tees,
          kennysheep_generic_room_12
D:5:      layout_gridville
D:6:      layout_loops_ring, marbit_many_paths, kennysheep_mini,
          general_overflow_altar, lemuel_tele_altar, tso_metal_star,
          lightli_ossuary_entry_decrepit_ruins, kb_lookout_dungeons_type
D:7:      layout_rooms, minmay_ruined_shrine, uniq_maggie, uniq_pikel,
          uniq_menkaure
D:8:      wander_kiku_kobolds, layout_cave_pools, tgw_sif, lemuel_crystal_altar,
          slow_altar_1, overflow_temple_1_default

Skill      XL: |  1  2  3  4  5  6  7  8  9 10 |
---------------+-------------------------------+-----
Polearms       | 4 5 7 8 11 12 | 12.9
Fighting       | 4 5 |  5.0
Shields        | 4 5 6 7 |  7.0
Armour         | |  3.2

Action                   |  1- 3 |  4- 6 |  7- 9 | 10-12 || total
-------------------------+-------+-------+-------+-------++-------
Melee: Trident           |    89 |   140 |   365 |   138 ||   732
Throw: Boomerang         |       |       |    12 |     3 ||    15
Invok: Minor Destruction |       |       |     4 |       ||     4
 Abil: Dig               |       |       |    10 |     2 ||    12
  Use: Scroll            |     3 |     2 |    13 |     2 ||    20
       Potion            |       |       |     1 |     1 ||     2
Armor: Scale mail        |    35 |    38 |   121 |    41 ||   235
Dodge: Dodged            |    27 |    38 |   113 |    46 ||   224
Block: Kite shield       |    42 |    63 |   243 |   102 ||   450

Table legend: (Time is in decaauts)
 A = Elapsed time spent in this place.
 B = Non-inter-level travel time spent in this place.
 C = Inter-level travel time spent in this place.
 D = Time resting spent in this place.
 E = Time spent auto-exploring this place.
 F = Levels seen in this place.
 G = Mean time per level.
                   A        B        C        D        E       F      G
               +--------+--------+--------+--------+--------+-----+--------+
         Total |   5135 |   4914 |    221 |     71 |   3393 |   9 |  570.6 |
       Dungeon |   4890 |   4669 |    221 |     71 |   3269 |   8 |  611.2 |
       Ossuary |    244 |    244 |      0 |      0 |    124 |   1 |  244.0 |
               +--------+--------+--------+--------+--------+-----+--------+

Top non-repeatable levels by time:
     D:6: 940 daAuts
     D:4: 884 daAuts
     D:1: 781 daAuts
     D:7: 636 daAuts
     D:2: 543 daAuts
     D:5: 504 daAuts
     D:3: 494 daAuts
 Ossuary: 244 daAuts
     D:8: 105 daAuts
